 Dungeon Crawl Stone Soup version 0.29-a0-613-gf2c431b9b9 (webtiles) character file.

Game seed: 8457889249177737339

4 wingedge the Vexing (level 1, 0/13 HPs)
             Began as a Demonspawn Wanderer on June 16, 2022.
             Slain by a quokka (3 damage)
             ... on level 1 of the Dungeon.
             The game lasted 00:02:43 (279 turns).

wingedge the Vexing (Demonspawn Wanderer)            Turns: 279, Time: 00:02:45

Health: 0/13       AC:  2    Str: 12    XL:     1   Next: 50%
Magic:  2/2        EV: 10    Int: 13    God:
Gold:   0          SH:  4    Dex: 12    Spells: 1/2 levels left

rFire   . . .      SeeInvis .   a - +0 hunting sling
rCold   . . .      Faith    .   b - +0 buckler
rNeg    . . .      Spirit   .   d - +0 robe
rPois   .          Reflect  .   (no helmet)
rElec   .          Harm     .   (no cloak)
rCorr   .          Rampage  .   (no gloves)
Will    .....                   (no boots)
Stlth   ++........              (no amulet)
HPRegen 0.04/turn               (no ring)
MPRegen 0.08/turn               (no ring)

@: no status effects
A: no striking features
a: no special abilities


You were on level 1 of the Dungeon.
You visited 1 branch of the dungeon, and saw 1 of its levels.

Inventory:

Hand Weapons
 a - a +0 hunting sling (weapon)
Armour
 b - a +0 buckler (worn)
 d - a +0 robe (worn)
Scrolls
 c - a scroll of silence
 e - a scroll of fear {unknown}


   Skills:
 + Level 1.5 Slings
 - Level 1.7 Stealth
 - Level 1.7 Shields
 - Level 1.0 Spellcasting
 - Level 4.0 Hexes


You had one spell level left.
You knew the following spells:

 Your Spells              Type           Power      Damage    Failure   Level
a - Slow                  Hex            44%        N/A       7%          1

Your spell library contained the following spells:

 Spells                   Type           Power      Damage    Failure   Level
 Summon Guardian Golem    Hex/Summ       5%         N/A       43%         3
 Fulminant Prism          Conj/Hex       2%         3d6       85%         4


Dungeon Overview and Level Annotations

Branches:
Dungeon (1/15)

Altars:


Message History

The sling bullet hits the quokka but does no damage.
The quokka is almost dead.
The quokka bites you. The quokka bites you.
Fire: a) +0 hunting sling
Press: ? - help, Shift-Dir - straight line, f/p - quokka
Aim: a quokka (almost dead, slow, 38% to hit)
You shoot a sling bullet. The sling bullet misses the quokka.
The quokka closely misses you.
Fire: a) +0 hunting sling
Press: ? - help, Shift-Dir - straight line, f/p - quokka
Aim: a quokka (almost dead, slow, 38% to hit)
You shoot a sling bullet.
The sling bullet closely misses the quokka.
The quokka closely misses you.
Fire: a) +0 hunting sling
Press: ? - help, Shift-Dir - straight line, f/p - quokka
Aim: a quokka (almost dead, slow, 38% to hit)
You shoot a sling bullet. The sling bullet misses the quokka.
The quokka closely misses you.
Fire: a) +0 hunting sling
Press: ? - help, Shift-Dir - straight line, f/p - quokka
Aim: a quokka (almost dead, slow, 38% to hit)
You shoot a sling bullet.
The sling bullet closely misses the quokka.
The quokka is no longer moving slowly.
The quokka misses you.
Fire: a) +0 hunting sling
Press: ? - help, Shift-Dir - straight line, f/p - quokka
Aim: a quokka (almost dead, 38% to hit)
You shoot a sling bullet.
The sling bullet barely misses the quokka.
You block the quokka's attack. The quokka bites you.
* * * LOW HITPOINT WARNING * * *
Fire: a) +0 hunting sling
Press: ? - help, Shift-Dir - straight line, f/p - quokka
Aim: a quokka (almost dead, 38% to hit)
You shoot a sling bullet.
The sling bullet closely misses the quokka.
The quokka bites you.
You die...

#####..#### ### ..........
... # .# .####..#.##
#.#.###.# # .## #.....##
#.#.....# .. ..#
#......###.#.#..# ?.
#.####.....#........# .#
..#.................#..###
###.#####..#.#.###........
###.# #.##.#..@r....$#
.##.# #.....########.#
.)#.# #.##...
....#####.##.###
..........##.#
...#####.###.# ..#### . #
.....>. .......


You could see a quokka.

Vanquished Creatures
  A ball python (D:1)
  A goblin (D:1)
  A frilled lizard (D:1)
  A rat (D:1)
4 creatures vanquished.

Notes
Turn   | Place    | Note
-------+----------+-------------------------------------------
     0 | D:1      | wingedge the Demonspawn Wanderer began the quest for the
                  | Orb.
     0 | D:1      | wingedge set off with the following items: a +0 hunting
                  | sling, a +0 buckler, a scroll of silence, a +0 robe; and
                  | the following spell memorised: Slow; and the following
                  | spells available to memorise: Summon Guardian Golem,
                  | Fulminant Prism.
     0 | D:1      | Reached XP level 1. HP: 13/13 MP: 2/2
   279 | D:1      | Slain by a quokka

Illustrated notes

Levels and vault maps discovered:
D:1:      shiori_arrival_maze, layout_loops_ring

Action                   || total
-------------------------++-------
 Fire: Hunting sling     ||    29
 Cast: Slow              ||     3
Dodge: Dodged            ||     9
Block: Buckler           ||     2

Table legend: (Time is in decaauts)
 A = Elapsed time spent in this place.
 B = Non-inter-level travel time spent in this place.
 C = Inter-level travel time spent in this place.
 D = Time resting spent in this place.
 E = Time spent auto-exploring this place.
 F = Levels seen in this place.
 G = Mean time per level.
                   A        B        C        D        E       F      G
               +--------+--------+--------+--------+--------+-----+--------+
         Total |    291 |    291 |      0 |    187 |     50 |   1 |  291.0 |
       Dungeon |    291 |    291 |      0 |    187 |     50 |   1 |  291.0 |
               +--------+--------+--------+--------+--------+-----+--------+

Top non-repeatable levels by time:
     D:1: 291 daAuts
